 Dungeon Crawl Stone Soup version 0.29-a0-649-g45c230d69a (webtiles) character file.

Game seed: 17041433669047614063

366 Conn the Sneak (level 6, -4/52 (55) HPs)
             Began as an Octopode Fire Elementalist on June 21, 2022.
             Was an Initiate of Sif Muna.
             Slain by a hound (5 damage)
             ... on level 4 of the Dungeon.
             The game lasted 00:14:53 (4940 turns).

Conn the Sneak (Octopode Fire Elementalist)         Turns: 4940, Time: 00:14:54

HP:   -4/52 (55)    AC:  1    Str:  8    XL:     6   Next: 68%
MP:   2/11          EV: 13    Int: 19    God:    Sif Muna [......]
Gold: 112           SH:  0    Dex: 12    Spells: 3/12 levels left

rFire   . . .      SeeInvis .   s - +6 dagger
rCold   . . .      Faith    .   (no shield)
rNeg    . . .      Spirit   .   (helmet restricted)
rPois   .          Reflect  .   (no amulet)
rElec   .          Harm     .   g - ring of resist corrosion
rCorr   +          Rampage  .   r - ring of wizardry
Will    .....                   (no ring)
Stlth   ..........              (no ring)
HPRegen 0.17/turn               (no ring)
MPRegen 0.12/turn               (no ring)
                                (no ring)
                                (no ring)

@: berserking, attractive, drained, very quick
A: almost no armour, amphibious, 8 rings, camouflage 1, gelatinous body 1,
(nimble swimmer 1), tentacles
a: Renounce Religion


You were on level 4 of the Dungeon.
You worshipped Sif Muna.
Sif Muna was noncommittal.
You visited 2 branches of the dungeon, and saw 5 of its levels.

You collected 247 gold pieces.
You spent 135 gold pieces at shops.

Inventory:

Hand Weapons
 b - a +0 dagger
 s - a +6 dagger (weapon)
Missiles
 p - 2 atropa-tipped darts (quivered)
 v - 3 poisoned darts
Jewellery
 g - a ring of resist corrosion (left tentacle)
 r - a ring of wizardry (right tentacle)
Wands
 o - a wand of mindburst (18)
Scrolls
 l - 3 scrolls of teleportation
 u - 2 scrolls of magic mapping
Potions
 a - a potion of magic
 c - a potion of attraction
 e - a potion of curing
 f - 2 potions of heal wounds {unknown}
 i - 2 potions of ambrosia {unknown}
 m - a potion of might {unknown}
 n - 2 potions of degeneration {unknown}
 q - a potion of lignification {unknown}
 t - a potion of flight {unknown}


   Skills:
 + Level 0.3 Fighting
 + Level 0.5 Short Blades
 + Level 2.3 Dodging
 + Level 4.5 Stealth
 + Level 0.3 Unarmed Combat
 * Level 3.6 Spellcasting
 * Level 3.4 Conjurations
 + Level 4.1 Fire Magic


You had 3 spell levels left.
You knew the following spells:

 Your Spells              Type           Power      Damage    Failure   Level
a - Foxfire               Conj/Fire      72%        2x1d7     1%          1
b - Conjure Flame         Conj/Fire      18%        6-21      3%          3
c - Inner Flame           Hex/Fire       11%        N/A       8%          3
e - Scorch                Fire           38%        2d7       1%          2

Your spell library contained the following spells:

 Spells                   Type           Power      Damage    Failure   Level
 Flame Wave               Conj/Fire      18%        2d6       12%         4


Dungeon Overview and Level Annotations

Branches:
Dungeon (4/15)             Temple (1/1) D:4

Altars:
Ashenzari
Hepliaklqana
Sif Muna
Trog
Vehumet
Xom

Shops:
D:4 ?


Innate Abilities, Weirdness & Mutations

You cannot wear most types of armour.
You are amphibious.
You can wear up to eight rings at the same time.
Your skin changes colour to match your surroundings (Stealth+).
Your rubbery body absorbs attacks. (AC +1, EV +1)
((You are camouflaged when in or above water. (Stealth+)))
You have tentacles for arms and can constrict up to eight enemies at once.


Message History

The iguana appears confused.
The iguana is heavily wounded.
The iguana closely misses you. The gnoll misses you.
The iguana seems less confused.
The iguana is no longer blind.
Casting: Foxfire (safe; 1% risk of failure)
Confirm with . or Enter, or press ? or * to list all spells.
Flames lash the gnoll.
The gnoll is severely wounded.
The gnoll's fire resistance burns away.
The iguana bites you!
* * * LOW HITPOINT WARNING * * *
Unknown command.
You feel better. The iguana barely misses you.
As you read the scroll of teleportation, it crumbles to dust.
You feel strangely unstable. The gnoll closely misses you.
The iguana bites you!
* * * LOW HITPOINT WARNING * * *
Blink to where?
Press: ? - help, Dir - move target, p - gnoll
As you read the scroll of blinking, it crumbles to dust.
Your surroundings suddenly seem different.
A necrophage and a hound come into view.
The hound barks!
Okay, then.
It was a potion of attraction.
You feel attractive to monsters. The hound is attracted toward you.
Okay, then.
Okay, then.
It was a potion of berserk rage.
A red film seems to cover your vision as you go berserk!
You feel yourself moving faster!
You feel mighty! The hound bites you.
* * * LOW HITPOINT WARNING * * *
The necrophage hits you.
* * * LOW HITPOINT WARNING * * *
You feel drained.
You puncture the hound! You grab the hound.
The hound is severely wounded.
You constrict the hound. The hound bites you.
You die...

* *,,,,,,** ****,*****
,* *,** ,* *,,* **
**,***** *##### * *
*,,,,,** #####....##**
* *,,,,,,**
####.........#*, *
**,,,,,,*
###............#,,
*,,,,,,**
#@n.............#*
*,,,,,,,*
#h.............##
**,,,,,,*
#..............#
*,,,,,,*
##.............#
*,,,,,,*
#.............#
**,,,,,*
#.............#
*,,,,,**
#.............#
**,,,,,*
#........,,,,**
*,,*,,***<,,,,,,,,,,,*


You could see a necrophage and a hound.

Vanquished Creatures
  A centaur (D:3)
  A howler monkey (D:4)
  2 jellies
  Terence (D:2)
  3 adders
  5 gnolls (D:4)
  An ufetubus (D:3)
  A worm (D:2)
  4 dart slugs
  An orc (D:4)
  5 bats
  11 endoplasms
  3 giant cockroaches (D:1)
  8 goblins
  5 hobgoblins
  3 jackals (D:1)
  4 quokkas
  4 ball pythons
  7 frilled lizards
  7 kobolds
  4 rats
81 creatures vanquished.

Vanquished Creatures (others)
  217 foxfires
217 creatures vanquished.

Grand Total: 298 creatures vanquished

Notes
Turn   | Place    | Note
-------+----------+-------------------------------------------
     0 | D:1      | Conn the Octopode Fire Elementalist began the quest for the
                  | Orb.
     0 | D:1      | Reached XP level 1. HP: 11/11 MP: 3/3
    98 | D:1      | Reached XP level 2. HP: 17/17 MP: 0/5
   442 | D:1      | Found a faded altar of an unknown god.
   904 | D:1      | Reached XP level 3. HP: 7/21 MP: 4/6
  1690 | D:2      | Noticed Terence
  1706 | D:2      | Learned a level 2 spell: Scorch
  1710 | D:2      | Learned a level 3 spell: Conjure Flame
  2081 | D:2      | Killed Terence
  2082 | D:2      | Reached XP level 4. HP: 17/27 MP: 0/8
  3429 | D:3      | Noticed a centaur
  3556 | D:3      | Reached XP level 5. HP: 31/31 MP: 9/9
  3561 | D:3      | Learned a level 3 spell: Inner Flame
  3836 | D:3      | Killed a centaur
  3974 | D:3      | Reached XP level 6. HP: 37/37 MP: 6/11
  4239 | D:4      | Found Sinasmoi's Magic Scroll Boutique.
  4242 | D:4      | Bought a scroll of teleportation for 30 gold pieces
  4242 | D:4      | Bought a scroll of teleportation for 30 gold pieces
  4242 | D:4      | Bought a scroll of blinking for 75 gold pieces
  4664 | D:4      | Found a staircase to the Ecumenical Temple.
  4674 | Temple   | Entered the Ecumenical Temple
  4765 | Temple   | Became a worshipper of Sif Muna the Loreminder
  4939 | D:4      | HP: 1/55 [necrophage (4)]
  4940 | D:4      | Slain by a hound

Illustrated notes

Levels and vault maps discovered:
D:1:      erik_arrival_cave_to_civilisation [erik_arrival_cave_to_hall],
          layout_basic, hellmonk_ecumenical_altar_arch_garden
D:2:      layout_loops_corners, uniq_terence
D:3:      layout_rooms, minmay_misc_feat_enclosed, patterned_corridor
D:4:      layout_cave_pods, minmay_temple_entry_stoned_glass, serial_shops,
          kennysheep_mini, minmay_circle_x
Temple:   regret_index_temple_generic_petals

Skill      XL: |  1  2  3  4  5  6 |
---------------+-------------------+-----
Stealth        | 3 4 |  4.5
Spellcasting   | 3 |  3.6
Conjurations   | 2 3 |  3.4
Fire Magic     | 4 |  4.1
Fighting       | |  0.3
Short Blades   | |  0.5
Dodging        | |  2.3
Unarmed Combat | |  0.3

Action                   |  1- 3 |  4- 6 || total
-------------------------+-------+-------++-------
Melee: Unarmed           |     7 |       ||     7
       Constrict         |     5 |     7 ||    12
       Dagger            |    10 |    35 ||    45
       Tentacles         |     4 |     3 ||     7
Throw: Dart              |       |     4 ||     4
 Cast: Foxfire           |    33 |    94 ||   127
       Scorch            |     4 |     7 ||    11
       Conjure Flame     |       |     1 ||     1
       Inner Flame       |       |     1 ||     1
Evoke: Wand              |       |     2 ||     2
  Use: Scroll            |       |    12 ||    12
       Potion            |       |     3 ||     3
 Stab: Sleeping          |     2 |     9 ||    11
Armor: Skin              |     2 |     5 ||     7
Dodge: Dodged            |    14 |    35 ||    49

Table legend: (Time is in decaauts)
 A = Elapsed time spent in this place.
 B = Non-inter-level travel time spent in this place.
 C = Inter-level travel time spent in this place.
 D = Time resting spent in this place.
 E = Time spent auto-exploring this place.
 F = Levels seen in this place.
 G = Mean time per level.
                   A        B        C        D        E       F      G
               +--------+--------+--------+--------+--------+-----+--------+
         Total |   4938 |   4703 |    235 |    129 |   3659 |   5 |  987.6 |
       Dungeon |   4800 |   4591 |    209 |    129 |   3576 |   4 | 1200.0 |
        Temple |    137 |    111 |     26 |      0 |     83 |   1 |  137.0 |
               +--------+--------+--------+--------+--------+-----+--------+

Top non-repeatable levels by time:
     D:1: 1813 daAuts
     D:2: 1361 daAuts
     D:3: 996 daAuts
     D:4: 629 daAuts
  Temple: 137 daAuts
